Unix NetHack Version 5.0.0-0 post-release - last build Jun 10 2026 00:39:30 (3ee93aec679c4c4259841fe613dc97188e26a321,branch:main).

Game began 2026-06-30 06:10:43, ended 2026-06-30 07:33:45.

FutureTim, lawful female human Valkyrie

 ----           -
--..|  ----    ##
|...|  |..--   -..                            ---
--.--  |...|    ...--             --------   --.----
 |.|   |..--      ...--    --------..--..-----.*...---                 -------
 |.|  --.--        ....    |.....*............-......|        -----    |..--.--
 |.----..|           ..--  |..-------.....--.........----    --...|    |......|
 |..||...----        -..-- |...|-------.---|.---..^.....--   |....|    --....-|
 --.--...)..|         -..---..-|..... ..|  |.| ---...--..|   |....--    ---...|
  |...^...|)|         |.......--.-..-----  |.|   -------.|   --.|..|   ----..--
  --......|--  --### --.............--    --.|         |.|   --.|-.|   |.....--
   --....(|    |.#.---............>..|  ---..------    |.-----..-|.|  --......|
   --...|.--   #.....................|  |...(.--..--   |^..|[....|.----......--
   |..--|..|   ##.........----.......| --..........|   ---...---....--.......--
   |..| |-.------.........-----......---...@....*..|     |..----..............|
   ---- |...)....................--..%<.........----     ---- |..............--
        |...-------.......-----------..........--             --............--
        --.--     ----.----         --.---.--..|               --.-----.|.---
         ---         ---             --- -------                ---   -----
FutureTim the Fighter       St:14 Dx:18 Co:18 In:9 Wi:8 Ch:7  Lawful
Dlvl:6  $:5  HP:62(71) Pw:10(10) AC:1  Xp:7 T:4859 

Latest messages:
 The Woodland-elf wields an elven short sword!
 The elven short sword welds itself to the Woodland-elf's hand!
 The Woodland-elf picks up a bow.
 You climb up the stairs.
 The mountain nymph appears close by!
 The mountain nymph vanishes!
 You climb up the stairs.
 You see here 2 darts.
 You see here 4 arrows.
 An arrow shoots out at you!
 You are hit by an arrow.
 You see here a dart.
 There are several objects here.
 There are several objects here.
 You descend the stairs.
 You hit the rothe.
 The rothe hits!
 The rothe misses!
 The rothe misses!
 You hit the rothe.
 You hit the rothe.
 The rothe misses!
 The rothe bites!
 The rothe bites again!
 You kill the rothe!
 You see here a rothe corpse.
 You hit the rothe.
 The rothe hits!
 The rothe misses!
 The rothe misses!
 You hit the rothe.
 The rothe misses!
 The rothe bites!
 The rothe bites again!
 You hit the rothe.
 The rothe just misses!
 The rothe just misses!
 The rothe misses!
 You hit the rothe.
 The rothe turns to flee.
 You hit the rothe.
 You hit the mountain nymph.
 The mountain nymph stole an uncursed wand of polymorph.
 The mountain nymph vanishes!
 Really quit without saving? [yn] (n) y
 Do you want your possessions identified? [ynq] (y) y
 Do you want to see your attributes? [ynq] (y) y
 Do you want an account of creatures vanquished? [ynaq] (y) y
 Do you want to see your conduct and achievements? [ynq] (y) y
 Do you want to see the dungeon overview? [ynq] (y) y

Inventory:
 Coins    ('$')
  $ - 5 gold pieces
 Weapons  (')')
  U - 3 blessed +0 arrows
  q - 2 +0 arrows (in quiver)
  r - a +0 bow
  b - a +0 dagger (weapon in right hand)
 Armor    ('[')
  X - an uncursed +0 elven leather helm (being worn)
  n - an uncursed +0 pair of gauntlets of dexterity (being worn)
  N - an uncursed +0 pair of iron shoes
  W - an uncursed +0 pair of iron shoes (being worn)
  J - a cursed -2 pair of iron shoes
  o - an uncursed +0 elven mithril-coat (being worn)
 Comestibles  ('%')
  C - an uncursed partly eaten food ration
  L - 3 uncursed lembas wafers
  F - an uncursed lizard corpse
 Scrolls  ('?')
  G - an uncursed scroll of confuse monster
  h - an uncursed scroll of enchant armor
  x - an uncursed scroll of teleportation
 Spellbooks  ('+')
  D - an uncursed spellbook of teleport away
 Potions  ('!')
  j - an uncursed potion of booze
  t - an uncursed potion of oil
  y - an uncursed potion of see invisible
  K - an uncursed potion of sickness
  e - an uncursed potion of water
 Wands    ('/')
  M - a wand of magic missile (0:5)
  I - a wand of speed monster (0:4)
  B - a wand of teleportation (0:0)
  z - a wand of undead turning (0:7)
 Tools    ('(')
  P - an uncursed magic whistle
  O - an uncursed partly used tallow candle
  S - an uncursed towel

FutureTim the Valkyrie's attributes:

Background:
 You were a Fighter, a level 7 human Valkyrie.
 You were lawful, on a mission for Tyr
 who was opposed by Odin (neutral) and Loki (chaotic).
 You were right-handed.
 You were in the Gnomish Mines, on level 6.
 You entered the dungeon 4859 turns ago.
 There was a full moon in effect when your adventure ended.
 You had 1145 experience points, 135 more were needed to attain level 8.

Basics:
 You had 62 out of 71 hit points.
 You had all 10 energy points (spell power).
 Your armor class was 1.
 Your wallet contained 5 zorkmids.
 Autopickup was off.

Final Characteristics:
 Your strength was 14 (peak:16, limit:18/100).
 Your dexterity was 18 (limit:18).
 Your constitution was 18 (limit:18).
 Your intelligence was 9 (limit:18).
 Your wisdom was 8 (limit:18).
 Your charisma was 7 (limit:18).

Final Status:
 You weren't hungry.
 You were unencumbered.
 You were wielding a dagger.
 You had basic skill with dagger.

Final Attributes:
 You were piously aligned.
 You were cold resistant.
 You were poison resistant.
 You were telepathic.
 You were stealthy.
 You were guarded.
 You were fast.
 You were lucky.
 You survived.

Miscellaneous:
 You didn't encounter any bones levels.
 Total elapsed playing time was 1 hour, 23 minutes and 1 second.

Major events:
 Turn
    1: FutureTim the lawful human Valkyrie entered the dungeon
  617: attained the rank of Skirmisher (level 3)
  863: entered the Gnomish Mines
 2237: attained the rank of Fighter (level 6)
 3010: reached Mine Town
 4859: quit

You didn't know any spells.

Skills:
 Fighting Skills
   bare handed combat [Unskilled]
   two weapon combat  [Unskilled]
   riding             [Unskilled]
 Weapon Skills
   dagger             [Basic]
   axe                [Unskilled]
   pick-axe           [Unskilled]
   short sword        [Unskilled]
   broadsword         [Unskilled]
   long sword         [Unskilled]
   two-handed sword   [Unskilled]
   saber              [Unskilled]
   hammer             [Unskilled]
   quarterstaff       [Unskilled]
   polearms           [Unskilled]
   spear              [Expert]
   trident            [Unskilled]
   lance              [Unskilled]
   sling              [Unskilled]
 Spellcasting Skills
   attack spells      [Unskilled]
   escape spells      [Unskilled]

Voluntary challenges:
 Character rerolling was not enabled.
 You never genocided any monsters.
 You never polymorphed an object.
 You never changed form.
 You used no wishes.
Achievements:
 You entered a shop.
 You attained the rank of Skirmisher.
 You entered the Gnomish Mines.
 You attained the rank of Fighter.
 You entered Minetown.
 You entered a temple.

 The Dungeons of Doom: levels 1 to 3
    Level 1:
       An altar to Tyr, a fountain.
    Level 2:
       A general store.
    Level 3:
       A general store, some fountains, a sink.
       Stairs down to The Gnomish Mines.
 The Gnomish Mines: levels 4 to 7
    Level 4:
    Level 5:
    Level 6: <- You were here.
    Level 7:
       Many shops, a temple and an altar, many fountains.


Vanquished creatures:
  a small mimic
  a human mummy
  a quivering blob
  a vampire bat
  a dwarf mummy
  2 brown puddings
  a lizard
  a dingo
  a snake
  a Woodland-elf
  2 imps
  a rock piercer
  a yellow light
 10 gnome leaders
  3 gnomish wizards
  a gray ooze
  a ghoul
  7 giant ants
  4 floating eyes
  8 dwarves
  7 hill orcs
  4 rothes
  a centipede
  a giant bat
  a wererat
  2 werejackals
 an iguana
  a hobbit
  a hobgoblin
  2 giant rats
  a cave spider
  2 yellow molds
 33 gnomes
  a gnome zombie
  3 geckos
  6 jackals
  a fox
  a goblin
  3 grid bugs
  2 lichens
  3 newts
126 creatures vanquished.

No species were genocided or became extinct.

Farvel FutureTim the Valkyrie...

You quit in The Gnomish Mines on dungeon level 6 with 4927 points,
and 5 pieces of gold, after 4859 moves.
You were level 7 with a maximum of 71 hit points when you quit.

